 Dungeon Crawl Stone Soup version 0.23.2 (webtiles) character file.

Game seed: 16168217274074841448

72 dvd the Sneak (level 4, -4/21 HPs)
             Began as a Vine Stalker Enchanter on Apr 8, 2019.
             Killed from afar by Jessica (8 damage)
             ... with a wand of flame (9)
             ... on level 3 of the Dungeon.
             The game lasted 00:05:51 (1962 turns).

dvd the Sneak (Vine Stalker Enchanter)              Turns: 1962, Time: 00:05:52

Health: -4/21      AC:  4    Str: 10    XL:     4   Next: 25%
Magic:  0/9        EV: 12    Int: 16    God:
Gold:   172        SH:  0    Dex: 15    Spells: 5/8 levels left

rFire    . . .     SeeInvis .   t - +1 dagger (holy)
rCold    . . .     Gourm    .   (no shield)
rNeg     . . .     Faith    .   b - +0 robe
rPois    .         Spirit   +   (no helmet)
rElec    .         Reflect  .   (no cloak)
rCorr    .         Harm     .   r - +0 pair of gloves
MR       .....                  q - +0 pair of boots
Stlth    +++.......             (no amulet)
HPRegen  0.47/turn              (no ring)
MPRegen  0.11/turn              (no ring)

@: very slightly contaminated
A: fangs 2, regeneration 1, magic shield, antimagic bite, no potion heal 3, rot
immunity
a: no special abilities


You were on level 3 of the Dungeon.
You were not hungry.

You visited 1 branch of the dungeon, and saw 3 of its levels.

You collected 172 gold pieces.

Inventory:

Hand Weapons
 a - a +1 dagger
 k - a +0 hand axe
 t - a +1 dagger of holy wrath (weapon)
Missiles
 m - 5 steel javelins (quivered)
Armour
 b - a +0 robe (worn)
 g - a +0 ring mail
 q - a +0 pair of boots (worn)
 r - a +0 pair of gloves (worn)
Scrolls
 c - 2 scrolls of identify {unknown}
 f - 3 scrolls of remove curse {unknown}
 h - a scroll of fear {unknown}
 j - 3 scrolls of teleportation {unknown}
 s - a scroll of immolation {unknown}
Potions
 e - 2 potions of curing {unknown}
 i - 2 potions of mutation {unknown}
 l - a potion of flight {unknown}
 n - a potion of magic {unknown}
 o - a potion of might {unknown}
 u - a potion of haste
Comestibles
 d - 5 rations
 p - 3 chunks of flesh


   Skills:
 + Level 1.2 Short Blades
 + Level 1.8 Dodging
 + Level 4.5 Stealth
 + Level 2.8 Spellcasting
 + Level 3.7 Hexes
 + Level 0.2 Ice Magic


You had 5 spell levels left.
You knew the following spells:

 Your Spells              Type           Power        Failure   Level  Hunger
a - Corona                Hex            ##.....      4%          1    #......
b - Ensorcelled Hibernat  Hex/Ice        #.....       13%         2    ##.....

Your spell library contained the following spells:

 Spells                   Type           Power        Failure   Level  Hunger
 Confuse                  Hex            ##......     12%         3    ###....
 Tukima's Dance           Hex            ##......     12%         3    ###....
 Dazzling Spray           Conj/Hex       #.....       26%         3    ###....


Dungeon Overview and Level Annotations

Branches:
Dungeon (3/15)

Altars:

Annotations:
D:3 Jessica


Innate Abilities, Weirdness & Mutations

You have extremely sharp teeth.
Your natural rate of healing is unusually fast.
When hurt, damage is shared between your health and your magic reserves.
Your bite disrupts and absorbs the magic of your enemies.
Potions cannot restore your health.
You are immune to rotting.


Message History

Jessica zaps a wand.
The puff of flame hits you! Jessica casts a spell at you.
Pain shoots through your body!
* * * LOW HITPOINT WARNING * * *
Unknown command.
Jessica zaps a wand.
The puff of flame misses you.
Casting: Ensorcelled Hibernation (safe; 13% risk of failure)
Confirm with . or Enter, or press ? or * to list all spells.
Aiming: Ensorcelled Hibernation (safe; 13% risk of failure)
Press: ? - help, Shift-Dir - straight line, f - Jessica
Aim: Jessica, wielding a +0 dagger, wearing a +0 robe and carrying a wand of flame (9) (fast, chance to defeat MR: 49%) Jessica resists with some effort.
Jessica mumbles something strange.
Casting: Ensorcelled Hibernation (safe; 13% risk of failure)
Confirm with . or Enter, or press ? or * to list all spells.
You don't have enough magic to cast that spell.
Unknown command.
Unknown command.
Jessica zaps a wand.
The puff of flame hits you!
You die...

...................
............†#######
.....#...#..(......##.
.......####..........
#........).....## #
##.>...##......##. .
#.#.#..#......... #.
##.#.##.........## #.
#@.#.#####........
#.##.##.# ###....##
#..#.##.# #.##...
#....#.# ...# ##.
##@#...# #..#.# #.
#.##..##......#
#†###.....$# #
#.........## #
#.........# #


You could see Jessica.

Vanquished Creatures
  An adder (D:2)
  2 dart slugs (D:2)
  A leopard gecko (D:2)
  2 orcs (D:3)
  9 bats
  4 giant cockroaches
  5 goblins
  7 hobgoblins
  3 jackals (D:3)
  6 frilled lizards
  8 kobolds
  6 rats
54 creatures vanquished.

Vanquished Creatures (others)
  A rat (D:1)
1 creature vanquished.

Grand Total: 55 creatures vanquished

Notes
Turn   | Place    | Note
-------+----------+-------------------------------------------
     0 | D:1      | dvd the Vine Stalker Enchanter began the quest for the Orb.
     0 | D:1      | Reached XP level 1. HP: 9/9 MP: 4/4
   354 | D:1      | Reached XP level 2. HP: 13/13 MP: 3/6
   409 | D:1      | Learned a level 2 spell: Ensorcelled Hibernation
   932 | D:1      | Reached skill level 1 in Short Blades
  1320 | D:2      | Reached skill level 4 in Stealth
  1320 | D:2      | Reached XP level 3. HP: 16/16 MP: 4/7
  1717 | D:3      | Gained mutation: Your natural rate of healing is unusually
                  | fast. [Vine Stalker growth]
  1717 | D:3      | Reached XP level 4. HP: 19/21 MP: 6/9
  1944 | D:3      | Noticed Jessica
  1962 | D:3      | Killed from afar by Jessica

Skill      XL: |  1  2 |
---------------+-------+-----
Short Blades   | 1 |  1.2
Stealth        | 4 |  4.5
Dodging        | |  1.8
Spellcasting   | |  2.8
Hexes          | |  3.7
Ice Magic      | |  0.2

Action                   |  1- 3 |  4- 6 || total
-------------------------+-------+-------++-------
Melee: Dagger            |    72 |    22 ||    94
       Bite              |    10 |     4 ||    14
 Cast: Corona            |    11 |       ||    11
       Ensorcelled Hiber |    25 |     9 ||    34
 Stab: Sleeping          |    26 |     6 ||    32
  Eat: Chunk             |     4 |     2 ||     6
Armor: Robe              |    16 |     6 ||    22
Dodge: Dodged            |    46 |     8 ||    54
